 Dungeon Crawl Stone Soup version 0.23.2-40-g277498a001 (webtiles) character file.

Game seed: 8533087524892929119

4771 DildoBatman the Magician (level 10, -3/63 HPs)
             Began as a Formicid Wizard on Sept 27, 2019.
             Was a Believer of Kikubaaqudgha.
             Killed from afar by a lindwurm (39 damage)
             ... with a blast of flame
             ... on level 9 of the Dungeon.
             The game lasted 00:32:22 (8008 turns).

DildoBatman the Magician (Formicid Wizard)          Turns: 8008, Time: 00:32:22

Health: -3/63      AC:  5    Str: 12    XL:     10   Next: 75%
Magic:  17/21      EV: 11    Int: 21    God:    Kikubaaqudgha [**....]
Gold:   670        SH:  0    Dex:  7    Spells: 12/24 levels left

rFire    . . .     SeeInvis +   a - +0 hunting sling
rCold    . . .     Gourm    .   (no shield)
rNeg     . . .     Faith    .   O - +1 leather armour {rPois}
rPois    +         Spirit   .   (helmet unavailable)
rElec    .         Reflect  .   l - +0 cloak
rCorr    .         Harm     .   f - +0 pair of gloves
MR       ++...                  E - +0 pair of boots
Stlth    ++........             (no amulet)
HPRegen  0.20/turn              h - ring of stealth
MPRegen  0.17/turn              i - ring of protection from magic

@: no status effects
A: permanent stasis, dig shafts and tunnels, four strong arms, antennae 3,
clumsy 1, deformed body, mutation resistance 1, screaming 1
a: Dig, Shaft Self, Receive Corpses, Renounce Religion


You were on level 9 of the Dungeon.
You worshipped Kikubaaqudgha.
Kikubaaqudgha was pleased with you.
You were not hungry.

You visited 2 branches of the dungeon, and saw 10 of its levels.
You also visited: Ossuary.

You collected 670 gold pieces.

Inventory:

Hand Weapons
 a - a +0 hunting sling (weapon)
 b - a +3 dagger of draining
Missiles
 c - 209 stones
 d - 6 needles of frenzy
 e - 2 javelins
 j - 77 bolts
 q - 26 sling bullets (quivered)
 y - 115 arrows
 A - 3 needles of sleeping
 C - 12 tomahawks
 Q - 6 tomahawks of dispersal
Armour
 f - a +0 pair of gloves (worn)
 l - a +0 cloak (worn)
 w - a +0 shield
 E - a +0 pair of boots (worn)
 O - a +1 leather armour of poison resistance (worn)
Jewellery
 h - a ring of stealth (left hand)
 i - a ring of protection from magic (right hand)
 K - an uncursed ring of flight
Wands
 N - a wand of clouds (6)
Scrolls
 r - a scroll of random uselessness {unknown}
 t - a scroll of torment {unknown}
 u - 2 scrolls of fog {unknown}
 x - 8 scrolls of remove curse
 z - a scroll of identify
 B - 3 scrolls of enchant weapon
 H - a scroll of summoning {unknown}
 I - a scroll of noise {unknown}
 P - 3 scrolls of amnesia
Potions
 g - a potion of flight {unknown}
 k - 2 potions of degeneration {unknown}
 n - a potion of resistance {unknown}
 o - 4 potions of curing {unknown}
 p - 3 potions of brilliance {unknown}
 F - a potion of agility {unknown}
 G - 2 potions of lignification {unknown}
 J - 2 potions of ambrosia {unknown}
 L - 2 potions of heal wounds
 M - a potion of might {unknown}
Comestibles
 m - 4 chunks of flesh
 v - 17 rations


   Skills:
 - Level 1.7 Dodging
 - Level 2.4 Stealth
 - Level 7.5 Spellcasting
 - Level 6.1 Conjurations
 - Level 4.1 Charms
   Level 1.0 Summonings
 * Level 7.0 Necromancy
   Level 0.8 Translocations
 - Level 5.0 Fire Magic
 - Level 5.1 Air Magic


You had 12 spell levels left.
You knew the following spells:

 Your Spells              Type           Power        Failure   Level  Hunger
a - Conjure Flame         Conj/Fire      ####....     3%          3    None
c - Magic Dart            Conj           ####         1%          1    None
d - Regeneration          Chrm/Necr      ####......   3%          3    None
e - Mephitic Cloud        Conj/Pois/Air  ###.....     7%          3    None
z - Sublimation of Blood  Necr           #####.....   1%          2    None

Your spell library contained the following spells:

 Spells                   Type           Power        Failure   Level  Hunger
 Animate Skeleton         Necr           N/A          1%          1    None
 Pain                     Necr           ####         1%          1    None
 Corona                   Hex            #......      11%         1    None
 Call Imp                 Summ           ##......     11%         2    None
 Inner Flame              Hex/Fire       ###.....     11%         3    None
 Slow                     Hex            #.......     16%         2    None
 Portal Projectile        Hex/Tloc       #.....       26%         3    None
 Cause Fear               Hex            #.........   71%         4    ###....
 Leda's Liquefaction      Hex/Erth       #.........   71%         4    ###....
 Blink                    Tloc           Unusable     N/A         2    N/A

Dungeon Overview and Level Annotations

Branches:
Dungeon (9/15)             Temple (1/1) D:4            Lair (0/6) D:8
    Orc: D:9-12

Altars:
Ashenzari
Cheibriados
Dithmenos
Elyvilon
Fedhas
Gozag
Hepliaklqana
Kikubaaqudgha
Makhleb
Nemelex Xobeh
Okawaru
Qazlal
Ru
Sif Muna
Trog
Uskayaw
Vehumet
Wu Jian
Xom
Yredelemnul
Zin
The Shining One

Annotations:
D:3 exclusion: phantom
D:4 1 exclusion
D:6 2 transporters, Menkaure
D:8 exclusion: statue
D:9 Pikel


Innate Abilities, Weirdness & Mutations

You cannot be hasted, slowed, berserked, paralysed or teleported.
You can dig through walls and to a lower floor.
Your four strong arms can wield two-handed weapons with a shield.
You have a pair of large antennae on your head. (SInv)
You are clumsy. (Dex -2)
Armour fits poorly on your strangely shaped body.
You are somewhat resistant to further mutation.
You occasionally shout uncontrollably at your foes.


Message History

Found a snail-covered altar of Cheibriados.
Found a blossoming altar of Fedhas.
Found a hide-covered altar of Uskayaw.
Found a bloodstained altar of Trog.
Pikel the Slaver comes into view.
He is wielding a +0 whip of flaming.
Pikel shouts!
You hear a shout!
A slave comes into view. x2
You shout at the slave!
You hear a roar! x3
Found a scroll labeled BEYPUU OLEASS.
Press: ? - help, v - describe, . - travel
Here: Pikel, wielding a +0 whip of flaming and wearing a +0 robe The floor.
A lindwurm comes into view.
The lindwurm breathes flames at you. The blast of flame hits you!!!
Ouch! That really hurt!
You die...
Kikubaaqudgha rasps: "You have failed me!
Welcome... death!"

#...#.p≈≈≈§≈≈.
#...#p.≈≈≈≈≈≈.
#...#.K≈≈≈≈≈..
##.....≈§≈≈§§§#
#......≈§§≈§≈.##
#......§≈§§§≈k.#
#.....+§§§≈≈≈≈..
..####.....#.§≈≈§§§. {
...........+.@§§§§≈≈
##########.####..≈≈≈§§≈≈
_#_#⌠#⌠###.#......≈≈§≈≈≈
.#.#.#.#.8.#.......§§≈≈§
...........#........≈§§§
...........#..........§≈
.#.#.#.#.8..............
_#⌠#.#.#.#..............
##########.........


You could see a lindwurm.

Vanquished Creatures
  Harold (D:8)
  Joseph (D:9)
  3 hornets (D:8)
  A hippogriff (D:8)
  A wyvern (D:7)
  Eustachio (D:6)
  A hungry ghost (D:8)
  3 ice beasts
  A sky beast (D:7)
  A phantom (D:7)
  A necrophage (D:7)
  6 ogres
  3 centaurs
  A big kobold (D:8)
  A bullfrog (D:7)
  2 scorpions
  A howler monkey (D:7)
  3 crimson imps
  2 jellies
  3 orc priests
  5 orc wizards
  4 hounds
  A bullfrog skeleton (D:7)
  2 iguanas (D:7)
  2 killer bee zombies
  A big kobold zombie (Ossuary)
  A hound zombie (D:6)
  8 mummies (Ossuary)
  A worker ant zombie (D:8)
  A howler monkey skeleton (D:5)
  6 adders
  2 shadow imps
  An ooze (D:2)
  3 worms
  3 dart slugs
  3 leopard geckos
  17 orcs
  A ball python (D:3)
  6 bats
  7 giant cockroaches
  2 gnoll zombies (Ossuary)
  9 goblins
  6 hobgoblins
  12 jackals
  3 quokkas
  7 frilled lizards
  A giant cockroach zombie (D:5)
  10 kobolds
  2 kobold zombies (Ossuary)
  A leopard gecko skeleton (D:5)
  3 orc zombies (Ossuary)
  3 rats
171 creatures vanquished.

Vanquished Creatures (others)
  A soldier ant (D:8)
1 creature vanquished.

Grand Total: 172 creatures vanquished

Notes
Turn   | Place    | Note
-------+----------+-------------------------------------------
     0 | D:1      | DildoBatman the Formicid Wizard began the quest for the
                  | Orb.
     0 | D:1      | Reached XP level 1. HP: 13/13 MP: 4/4
    35 | D:1      | Reached skill level 1 in Conjurations
   218 | D:1      | Reached XP level 2. HP: 19/19 MP: 1/6
   654 | D:1      | Reached XP level 3. HP: 20/24 MP: 0/7
   735 | D:1      | Learned a level 3 spell: Conjure Flame
   739 | D:1      | Learned a level 3 spell: Mephitic Cloud
  1362 | D:2      | Reached XP level 4. HP: 30/30 MP: 2/8
  2143 | D:3      | Reached XP level 5. HP: 30/35 MP: 0/9
  3107 | D:4      | Noticed a phantom
  3205 | D:4      | Noticed an ogre
  3239 | D:4      | Killed an ogre
  3239 | D:4      | Reached skill level 5 in Conjurations
  3239 | D:4      | Reached XP level 6. HP: 41/41 MP: 2/10
  3271 | D:4      | Noticed an ogre
  3306 | D:4      | Killed an ogre
  3456 | D:4      | Reached XP level 7. HP: 30/46 MP: 2/11
  3597 | D:4      | Reached skill level 1 in Fire Magic
  3696 | D:4      | Found a sparkling altar of Nemelex Xobeh.
  3835 | D:4      | Found a staircase to the Ecumenical Temple.
  3854 | Temple   | Entered the Ecumenical Temple
  3954 | Temple   | Became a worshipper of Kikubaaqudgha
  4305 | D:5      | Entered Level 5 of the Dungeon
  4488 | D:5      | You fall through a shaft for 3 floors!
  4572 | D:6      | Found a stormy altar of Qazlal.
  4608 | D:6      | Noticed Menkaure
  4698 | D:5      | Reached skill level 1 in Air Magic
  4698 | D:5      | Reached XP level 8. HP: 18/52 MP: 4/12
  4788 | D:5      | Found a sand-covered staircase.
  4809 | Ossuary  | Entered an ossuary
  5032 | Ossuary  | Reached * piety under Kikubaaqudgha
  5032 | Ossuary  | Identified Kikubaaqudgha's Tome of Stolen Souls
                  | (Kikubaaqudgha gifted it to you in an ossuary)
  5032 | Ossuary  | Received a gift from Kikubaaqudgha
  5038 | Ossuary  | Learned a level 3 spell: Regeneration
  5041 | Ossuary  | Learned a level 2 spell: Sublimation of Blood
  5489 | D:5      | Reached skill level 5 in Fire Magic
  5749 | D:6      | Reached skill level 5 in Spellcasting
  5834 | D:6      | Found a transporter.
  5854 | D:6      | Noticed Eustachio
  5894 | D:6      | Killed Eustachio
  5937 | D:6      | Found a transporter.
  6061 | D:7      | Reached XP level 9. HP: 20/57 MP: 9/18
  6414 | D:7      | Reached skill level 1 in Charms
  6414 | D:7      | Reached skill level 1 in Necromancy
  6937 | D:8      | Found a staircase to the Lair.
  6947 | D:8      | Found a radiant altar of Vehumet.
  6957 | D:8      | Noticed Harold
  6989 | D:8      | Killed Harold
  6989 | D:8      | Reached XP level 10. HP: 39/63 MP: 12/21
  7133 | D:8      | Reached ** piety under Kikubaaqudgha
  7502 | D:8      | Reached skill level 5 in Necromancy
  7593 | D:8      | Reached skill level 5 in Air Magic
  7789 | D:8      | Found an ornate altar of the Wu Jian Council.
  7889 | D:8      | Gained mutation: Armour fits poorly on your strangely
                  | shaped body. [potion of mutation]
  7889 | D:8      | Gained mutation: You possess an exceptional clarity of
                  | mind. [potion of mutation]
  7890 | D:8      | Lost mutation: You possess an exceptional clarity of mind.
                  | [potion of mutation]
  7890 | D:8      | Gained mutation: You are weak. (Str -2) [potion of
                  | mutation]
  7890 | D:8      | Gained mutation: You are somewhat resistant to further
                  | mutation. [potion of mutation]
  7891 | D:8      | Lost mutation: You are somewhat resistant to further
                  | mutation. [potion of mutation]
  7891 | D:8      | Lost mutation: You are weak. (Str -2) [potion of mutation]
  7891 | D:8      | Lost mutation: Armour fits poorly on your strangely shaped
                  | body. [potion of mutation]
  7891 | D:8      | Gained mutation: Armour fits poorly on your strangely
                  | shaped body. [potion of mutation]
  7891 | D:8      | Gained mutation: You are clumsy. (Dex -2) [potion of
                  | mutation]
  7891 | D:8      | Gained mutation: You occasionally shout uncontrollably at
                  | your foes. [potion of mutation]
  7891 | D:8      | Gained mutation: You are somewhat resistant to further
                  | mutation. [potion of mutation]
  7921 | D:9      | Noticed Joseph
  7943 | D:9      | Killed Joseph
  7973 | D:9      | Found a snail-covered altar of Cheibriados.
  7977 | D:9      | Found a blossoming altar of Fedhas.
  7979 | D:9      | Found a hide-covered altar of Uskayaw.
  7980 | D:9      | Found a bloodstained altar of Trog.
  8000 | D:9      | Noticed Pikel
  8006 | D:9      | Noticed a lindwurm
  8008 | D:9      | Killed from afar by a lindwurm

Skill      XL: |  1  2  3  4  5  6  7  8  9 10 |
---------------+-------------------------------+-----
Conjurations   | 1 2 3 4 5 6 |  6.1
Fire Magic     | 4 5 |  5.0
Air Magic      | 1 3 5 |  5.1
Spellcasting   | 6 7 |  7.5
Charms         | 4 |  4.1
Necromancy     | 4 7 |  7.0
Dodging        | |  1.7
Stealth        | |  2.4
Summonings     | |  1.0
Translocations | |  0.8

Action                   |  1- 3 |  4- 6 |  7- 9 | 10-12 || total
-------------------------+-------+-------+-------+-------++-------
Melee: Dagger            |    18 |    31 |   134 |    36 ||   219
 Fire: Hunting sling     |       |    69 |   323 |    76 ||   468
 Cast: Magic Dart        |    59 |    92 |    63 |     6 ||   220
       Mephitic Cloud    |       |     4 |    23 |    10 ||    37
       Conjure Flame     |       |       |    37 |    11 ||    48
       Regeneration      |       |       |     3 |     2 ||     5
 Abil: Dig               |       |     2 |    10 |     3 ||    15
Evoke: Wand              |       |       |     7 |     4 ||    11
  Use: Scroll            |       |       |       |     6 ||     6
       Potion            |       |       |       |     3 ||     3
 Stab: Sleeping          |     1 |     1 |       |     1 ||     3
       Confused          |       |       |     2 |     2 ||     4
  Eat: Chunk             |     1 |     5 |    14 |     4 ||    24
       Ration            |       |     1 |       |       ||     1
Armor: Robe              |     6 |     9 |    25 |       ||    40
       Leather armour    |       |       |    29 |    10 ||    39
Dodge: Dodged            |    13 |    51 |   121 |    31 ||   216
